General information
- name: grudge04
- type: Custom game
- host: FINeX
- saver: FINeX
map: TerenasStand
- players: 5
- length: 10:20
- speed: Fast
- version: 1.21 W3XP
- replay type: Public
» download(32 KB)
Players
team 1 (loser)
HERNaNDO (
gray | 54 APM | 553 actions | 10:16)
3 Keeper of the Grove
1 Force of Nature
2 Entangling Roots
» actions
| Assign group hotkey | 2 | |
| Basic commands | 14 | |
| Build / train | 43 | |
| Enter build submenu | 16 | |
| Enter hero's abilities submenu | 3 | |
| Remove unit from queue | 2 | |
| Right click | 225 | |
| Select / deselect | 197 | |
| Select group hotkey | 2 | |
| Use ability | 49 | |
553 total
» units
| Wisp | 17 | |
| Archer | 2 | |
| Huntress | 6 | |
| Druid of the Talon | 3 | |
| Druid of the Claw | 2 | |
30 total
» upgrades
| Druid of the Claw Training | 1 | |
| Druid of the Talon Training | 1 | |
2 total
» buildings
| Altar of Elders | 1 | |
| Moon Well | 4 | |
| Ancient of War | 1 | |
| Tree of Ages | 1 | |
| Hunter's Hall | 1 | |
| Ancient of Wonders | 1 | |
| Ancient of Lore | 1 | |
| Ancient of Wind | 1 | |
| Ancient Protector | 1 | |
12 total
» build order
00:12 Altar of Elders
00:22 Moon Well
00:56 Ancient of War
01:26 Moon Well
01:43 Moon Well
02:58 Tree of Ages
03:26 Hunter's Hall
03:35 Ancient of Wonders
05:50 Ancient of Lore
05:56 Ancient of Wind
06:31 Ancient Protector
08:48 Moon Well
» items
| Potion of Healing | 2 | |
| Potion of Mana | 1 | |
| Staff of Preservation | 1 | |
4 total
team 2 (winner)
3DGAYWORLD (
red | 68 APM | 700 actions | 10:17)
3 Death Knight
2 Death Coil
1 Unholy Aura
» actions
| Basic commands | 49 | |
| Build / train | 29 | |
| Enter build submenu | 13 | |
| Enter hero's abilities submenu | 3 | |
| Right click | 318 | |
| Select / deselect | 231 | |
| Use ability | 57 | |
700 total
» units
| Acolyte | 3 | |
| Ghoul | 5 | |
| Crypt Fiend | 6 | |
14 total
» upgrades
» buildings
| Altar of Darkness | 1 | |
| Crypt | 2 | |
| Graveyard | 1 | |
| Ziggurat | 3 | |
| Tomb of Relics | 1 | |
| Halls of the Dead | 3 | |
11 total
» build order
00:06 Altar of Darkness
00:13 Crypt
00:45 Graveyard
01:09 Ziggurat
01:21 Tomb of Relics
02:08 Crypt
02:55 Ziggurat
03:54 Ziggurat
09:19 Halls of the Dead
09:20 Halls of the Dead
09:20 Halls of the Dead
» items
| Rod of Necromancy | 2 | |
| Sacrificial Skull | 5 | |
7 total
refereesFINeX,
Erz,
LISAneedsBRACES Chat log
(00:06 / All) HERNaNDO: gl hf m8
(00:09 / All) 3DGAYWORLD: u2 bro
(00:14 / Referees) LISAneedsBRACES: ahh the ultimate grudge match
(00:14 / Referees) FINeX: Replay brought to you by clan TwT.
(00:16 / All) HERNaNDO: grey NE looks so kool
(00:16 / Referees) Erz: how noob is 3dgayworld
(00:25 / All) 3DGAYWORLD: lmao
(00:28 / Referees) FINeX: on the noober meter?
(00:31 / All) 3DGAYWORLD: red ud is pretty cool
(00:31 / All) HERNaNDO: :3
(00:32 / Referees) FINeX: -|------
(00:33 / Referees) Erz: well
(00:35 / All) 3DGAYWORLD: ^_^
(00:37 / Referees) Erz: and late zig
(00:39 / Referees) LISAneedsBRACES: how good is 3dgayworld
(00:40 / All) HERNaNDO: purp or blue maybe cuz it blends with blite
(00:44 / Referees) Erz: so the altar wont be able to make a hero
(00:55 / All) 3DGAYWORLD: camo lol
(00:57 / Referees) FINeX: 3dgay world is: scrub -|----- decent
(00:58 / All) 3DGAYWORLD: u not find me
(01:03 / Referees) LISAneedsBRACES: haha
(01:07 / Referees) Erz: more like
(01:14 / Referees) Erz: finex -|----- decent
(01:21 / Referees) LISAneedsBRACES: hahah
(01:28 / Referees) FINeX: hernando is : decent -----|- above average
(01:40 / Referees) LISAneedsBRACES: oh I know all about hernado
(01:45 / Referees) Erz: this hero is mega late
(01:52 / Referees) LISAneedsBRACES: look at his moonwells thats pro
(01:58 / Referees) FINeX: and finex is: grubby -----|-- sky
(02:23 / Referees) FINeX: 3dgay world playin gay race how fitting
(02:37 / Referees) Erz: horrible build vs horrible hero
(02:41 / Referees) FINeX: treants first
(02:52 / Referees) Erz: treants are hgilarious
(02:54 / Referees) LISAneedsBRACES: heh
(02:56 / Referees) Erz: 300hp
(02:59 / Referees) Erz: 15-17dmg WOW
(03:08 / Referees) LISAneedsBRACES: they die pretty easy
(03:13 / All) 3DGAYWORLD: FUCK
(03:21 / All) HERNaNDO: >_>
(03:55 / Referees) LISAneedsBRACES: here comes trouble
(04:45 / Referees) FINeX: whats going to tank. the treants?
(04:56 / Referees) Erz: wisps
(05:28 / Referees) LISAneedsBRACES: what a tp
(06:16 / Referees) LISAneedsBRACES: look at those fiends
(06:16 / Referees) FINeX: hern"no units" nando
(06:19 / Referees) LISAneedsBRACES: just chillin
(06:28 / Referees) FINeX: 3d "rally points i am bad at" gayworld
(06:32 / Referees) LISAneedsBRACES: hahah
(06:37 / Referees) Erz: u know whatd be sweet
(06:47 / All) HERNaNDO: P. intense
(06:48 / Referees) Erz: if u could
(06:56 / Referees) Erz: have computer play for you
(07:00 / Referees) LISAneedsBRACES: i love it
(07:02 / Referees) FINeX: 200 hp dk goin in doo doo doo
(07:14 / Referees) Erz: i bet computer insane would do pretty good on ladder
(07:20 / Referees) FINeX: hern "make no units and have no wood" ando
(07:22 / All) 3DGAYWORLD: Yeh
(07:31 / Referees) FINeX: computer insane sux at unit builds
(07:42 / Referees) Erz: yeah but compared to most people
(08:02 / Referees) FINeX: doots
(08:04 / Referees) FINeX: dotts
(08:15 / Referees) Erz: force of nature imba
(08:20 / Referees) Erz: fiends runnin from the lil trees
(08:25 / Referees) LISAneedsBRACES: ahaha
(08:40 / Referees) Erz: 3dgayworld tier 1
(08:45 / Referees) LISAneedsBRACES: dk needs more rods
(09:08 / Referees) FINeX: hernando
(09:09 / Referees) FINeX: what
(09:10 / Referees) FINeX: the
(09:11 / Referees) FINeX: fcu
(09:12 / Referees) FINeX: u
(09:13 / Referees) FINeX: doin
(09:32 / Referees) FINeX: red finally tech
(09:35 / Referees) Erz: hernando could lose!!!!
(09:38 / Referees) LISAneedsBRACES: dead hero
(09:41 / Referees) LISAneedsBRACES: once again
(09:43 / Referees) FINeX: red making trees into blight lol
(09:52 / Referees) FINeX: hernando got no units wat so ever
(09:58 / Referees) FINeX: gg hernando
(10:14 / All) HERNaNDO: welp..
(10:15 / Referees) Erz: shoulda stuck to archers
(10:16 / All) HERNaNDO: gg man